AoeStats
← san09230923

Arabia

510722290Analyzed
2v2 RM · 1d ago on Oct 2, 2026· 57m 11s· 4 players
Game mode
Random Map
Map size
Medium (4 player)
Population
200
Speed
Normal
Resources
Standard
Victory
Conquest
Starting age
Dark Age
Ending age
Imperial Age
RankedLock teamsTeams togetherTeam positionsShared explorationLock speedFull tech treeHidden civsTurbo modeCheats
Victory
Defeat
🇦🇺 Celts · Australia
434
+18
🇦🇺 Mongols · Australia
433
+18
🇦🇺 Gurjaras · Australia
501
-20
🇦🇷 Burgundians · Argentina
434
-16
muntballs
13:18 Feudal Age
17:10 Double-Bit Axe
19:09 Forging
18:59 Scale Mail Armor
19:23 Horse Collar
21:10 Man-at-Arms
21:36 Arson
21:45 Gold Mining
21:46 Stone Mining
27:48 Castle Age
27:59 Long Swordsman
28:25 Gambesons
30:15 Pikeman
32:12 Iron Casting
31:52 Chain Mail Armor
40:56 Imperial Age
42:16 Capped Ram
44:05 Blast Furnace
43:35 Plate Mail Armor
45:41 Two-Handed Swordsman
47:00 Plate Mail Armor
46:33 Champion
47:42 Siege Engineers
49:51 Furor Celtica
51:48 Gold Shaft Mining
51:48 Stone Shaft Mining
52:45 Siege Ram
55:33 Halberdier
vJJoshuaa21xyz
10:46 Feudal Age
11:37 Double-Bit Axe
12:22 Horse Collar
14:24 Gold Mining
21:11 Castle Age
19:48 Stone Mining
21:01 Fletching
21:53 Town Watch
23:04 Stone Shaft Mining
23:11 Bodkin Arrow
25:02 Bow Saw
26:18 Gold Shaft Mining
28:43 Wheelbarrow
30:11 Crossbowman
30:57 Thumb Ring
31:06 Padded Archer Armor
34:47 Imperial Age
34:05 Caravan
35:09 Ballistics
36:08 Conscription
36:18 Bracer
37:05 Nomads
39:23 Leather Archer Armor
40:49 Heavy Plow
41:07 Town Patrol
41:23 Hand Cart
42:55 Elite Mangudai
43:56 Arbalester
46:42 Onager
49:53 Capped Ram
50:13 Light Cavalry
51:03 Bloodlines
50:55 Husbandry
50:20 Cavalier
52:06 Hoardings
53:44 Pikeman
54:36 Elite Skirmisher
55:25 Scale Barding Armor
55:20 Scale Mail Armor
55:31 Forging
55:09 Siege Ram
GOG
8:13 Loom
11:12 Feudal Age
13:19 Horse Collar
18:52 Gold Mining
21:11 Castle Age
19:21 Stone Mining
22:30 Wheelbarrow
23:13 Double-Bit Axe
26:19 Gold Shaft Mining
28:28 Bloodlines
29:11 Hand Cart
29:52 Scale Barding Armor
29:59 Forging
30:25 Heavy Plow
31:55 Bow Saw
34:41 Chain Barding Armor
34:57 Iron Casting
38:47 Imperial Age
37:12 Stone Shaft Mining
44:05 Conscription
43:11 Heavy Camel Rider
44:32 Plate Barding Armor
44:05 Husbandry
51:15 Elite Chakram Thrower
54:55 Frontier Guards
san09230923
3:34 Loom
4:26 Wheelbarrow
12:41 Feudal Age
13:39 Hand Cart
14:34 Man-at-Arms
15:45 Town Watch
15:54 Double-Bit Axe
15:52 Horse Collar
19:56 Scale Barding Armor
24:35 Castle Age
23:00 Scale Mail Armor
24:47 Bow Saw
25:25 Town Patrol
26:02 Husbandry
25:30 Cavalier
26:18 Heavy Plow
26:15 Stone Mining
28:42 Two-Man Saw
30:50 Stone Shaft Mining
30:06 Gold Mining
32:23 Fervor
33:10 Crop Rotation
32:15 Long Swordsman
32:58 Treadmill Crane
33:09 Guard Tower
33:59 Gold Shaft Mining
35:20 Squires
35:07 Arson
35:21 Murder Holes
38:04 Imperial Age
38:11 Imperial Age
35:56 Herbal Medicine
36:26 Ballistics
35:37 Pikeman
36:22 Padded Archer Armor
38:17 Chain Mail Armor
38:23 Chain Barding Armor
39:35 Arrowslits
40:51 Chemistry
43:46 Caravan
43:57 Halberdier
45:42 Keep
45:59 Block Printing
45:27 Two-Handed Swordsman
47:42 Hoardings
48:08 Capped Ram
49:40 Bombard Tower
48:56 Sappers
49:32 Burgundian Vineyards
49:46 Devotion
52:58 Conscription
52:27 Champion
57:35 Plate Mail Armor
57:18 Forging
Connection lost

Rejoining the realm…

Still unreachable

The connection could not be restored.

Session expired

The server has moved on; the page needs a fresh start.